Cogmind - Beta 14 @@@ ROGUE MODE // 2024.08.10 @ 14:36:04 Player: Sgt. SmokeWeed Result: Self-destructed Performance ------------- Evolutions (3) 1500 Regions Visited (6) 1200 Robots Destroyed (42) 210 Value Destroyed (1415) 1415 Prototype IDs (25) 500 Alien Tech Used (0) 0 Bonus (300) 300 TOTAL SCORE: 5125 Bonus ------- Aligned with FarCom 300 Cogmind --------- Core Integrity 699/700 Matter 290/300 Energy 262/275 System Corruption 0% Temperature Cool (0) Movement Treading (240) Ox1 Location -7/Factory Parts ------- > --- POWER (2) -------- Deuterium Engine Faulty Heavy Deuterium Engine > --- PROPULSION (2) --- Light Treads Light Treads > --- UTILITY (6) ------ Improved Heat Sink Improved Heat Sink Particle Charger > --- WEAPON (3) ------- Heavy Laser Firepult > --- INVENTORY (5) ---- Light Nuclear Core Heavy Laser Heavy Laser Rocket Launcher Peak State ------------ > --- POWER ------------ Deuterium Engine Heavy Deuterium Engine > --- PROPULSION ------- Light Treads Light Treads > --- UTILITY ---------- Improved Heat Sink Improved Heat Sink Particle Charger > --- WEAPON ----------- Heavy Laser Firepult > --- INVENTORY -------- Light Nuclear Core Heavy Laser Heavy Laser Rocket Launcher [Rating: 44] Favorites ----------- Power Light Ion Engine Engine Light Ion Engine Power Core Light Nuclear Core Propulsion Light Treads Treads Light Treads Utility Improved Heat Sink Device Improved Heat Sink Protection Hardened Light Armor Plating Weapon Firepult Energy Gun Medium Laser Energy Cannon Firepult Ballistic Gun Assault Rifle Launcher Rocket Launcher Build | -11 -10 -10 -10 -9 -8 -7 ------- Run | Yrd Mat Min Exi Min Mat Fac Slots Evolved 6 | . . . . . 4 2 Power 1 | . . . . . 1 . Propulsion . | . . . . . . . Utility 4 | . . . . . 2 2 Weapon 1 | . . . . . 1 . Parts Attached 30 | 5 . . 1 . 22 2 Power 6 | 1 . . . . 4 1 Engine 3 | 1 . . . . 1 1 Core 3 | . . . . . 3 . Reactor . | . . . . . . . Propulsion 3 | 2 . . . . 1 . Treads 3 | 2 . . . . 1 . Leg . | . . . . . . . Wheel . | . . . . . . . Hover . | . . . . . . . Flight . | . . . . . . . Utility 7 | . . . . . 7 . Device 5 | . . . . . 5 . Storage . | . . . . . . . Processor . | . . . . . . . Hackware . | . . . . . . . Protection 2 | . . . . . 2 . Artifact . | . . . . . . . Weapon 14 | 2 . . 1 . 10 1 Energy Gun 5 | 1 . . . . 3 1 Energy Cannon 4 | . . . 1 . 3 . Ballistic Gun 3 | 1 . . . . 2 . Ballistic Cannon . | . . . . . . . Launcher 2 | . . . . . 2 . Special Weapon . | . . . . . . . Impact Weapon . | . . . . . . . Slashing Weapon . | . . . . . . . Piercing Weapon . | . . . . . . . Special Melee Weapon . | . . . . . . . Unidentified Prototypes 2 | . . . . . 1 1 Parts Lost 6 | . . . . . 5 1 Power 3 | . . . . . 2 1 Propulsion 1 | . . . . . 1 . Utility 2 | . . . . . 2 . Weapon . | . . . . . . . Highest Loss Streak 3 | . . . . . 3 1 To Critical Strikes . | . . . . . . . Average Slot Usage (%) 65 | . 71 71 63 57 63 68 Engine 7 | . 14 14 14 14 3 7 Core 4 | . . . . . 6 6 Treads 18 | . 28 28 28 28 13 15 Device 10 | . . . . . 12 23 Protection 4 | . . . . . 9 . Energy Gun 5 | . 14 14 6 . 3 7 Energy Cannon 7 | . . . 7 14 8 7 Ballistic Gun 4 | . 14 14 6 . 3 . Launcher 1 | . . . . . 2 . Peak Build Rating 44 | 5 5 5 23 23 40 44 Average Rating 26 | 4 5 5 14 23 31 40 On Entrance 14 | . 5 5 5 23 23 40 Naked Turns . | . . . . . . . Heaviest Build 45 | 7 7 7 25 25 45 45 Greatest Support 40 | 40 40 40 40 40 40 40 Greatest Overweight (x) 2 | 1 . . . . 2 1 Average Overweight (x) . | . . . . . . . Largest Inventory Capacity 5 | 5 5 5 5 5 5 5 Average Capacity 5 | 5 5 5 5 5 5 5 Most Carried 4 | . . . 1 2 4 4 Average Carried 1 | . . . . 1 1 3 Final Capacity 5 | 5 5 5 5 5 5 5 Final Carried 4 | . . . 1 2 2 4 Class Distribution -------------------- 38% | Mutant 24% | Scavenger-Skirmisher 23% | Skirmisher 14% | Tank Dominant Class ---------------- Mutant | -10/Materials Mutant | -10/Mines Mutant | -10/Exiles Mutant | -9/Mines Skirmisher | -8/Materials Scavenger-Skirmisher | -7/Factory Resources | -11 -10 -10 -10 -9 -8 -7 ----------- Run | Yrd Mat Min Exi Min Mat Fac Matter Collected 726 | 190 18 . . . 508 10 Remotely . | . . . . . . . Salvage Created 1576 | . 117 . . . 1149 310 Parts 58 | . 8 1 . . 42 7 Haulers Intercepted 1 | . . . . . 1 . Recyclers Shooed . | . . . . . . . Parts Field Recycled . | . . . . . . . Retrieved Matter . | . . . . . . . Parts Self-Destructed . | . . . . . . . Prevented . | . . . . . . . Kills | -11 -10 -10 -10 -9 -8 -7 ------- Run | Yrd Mat Min Exi Min Mat Fac Combat Hostiles Destroyed 28 | . 2 . . . 18 8 Guns 11 | . 2 . . . 7 2 Cannons 2 | . . . . . 1 1 AOE 12 | . . . . . 9 3 Classes Destroyed 12 | . 2 1 . . 8 1 Worker 3 | . . 1 . . 2 . Builder 4 | . . . . . 4 . Tunneler 1 | . . . . . 1 . Hauler 1 | . . . . . 1 . Recycler 1 | . . . . . 1 . Operator 2 | . 1 . . . 1 . Watcher 2 | . . . . . 2 . Swarmer 4 | . . . . . . 4 Grunt 19 | . 2 . . . 14 3 Duelist 1 | . . . . . 1 . Sentry 1 | . . . . . 1 . Hunter 3 | . . . . . 2 1 Best Kill Streak 5 | . 3 1 . . 5 4 Combat Bots Only 4 | . 2 . . . 3 4 Max Kills in Single Turn 4 | . 1 1 . . 4 3 Gunslinging . | . . . . . . . Exploded 2 | . . . . . 1 2 Melee . | . . . . . . . Uniques/NPCs Destroyed . | . . . . . . . Combat | -11 -10 -10 -10 -9 -8 -7 -------- Run | Yrd Mat Min Exi Min Mat Fac Hostile Shots Fired 118 | . 7 . . . 94 17 Missed 36 | . 3 . . . 24 9 Damage Taken 1347 | . 44 . . . 1177 126 Core 291 | . 10 . . . 280 1 Absorbed by Shields . | . . . . . . . Regen/Repaired (Parts) 52 | . . . . . 52 . Core Remaining (%) 81 | 100 . . . 96 49 . Volleys Fired 94 | . 11 . . . 71 12 Largest 2 | . 2 . . . 2 2 Hottest 319 | . 70 . . . 273 319 Shots Fired 116 | . 21 . . . 77 18 Gun 89 | . 21 . . . 56 12 Cannon 22 | . . . . . 16 6 Launcher 5 | . . . . . 5 . Special . | . . . . . . . Kinetic 56 | . 11 . . . 45 . Thermal 55 | . 10 . . . 27 18 Explosive 5 | . . . . . 5 . Electromagnetic . | . . . . . . . Robot Hit Streak 16 | . 4 . . . 16 14 Robot Miss Streak 5 | . 2 . . . 4 5 Penetration Max . | . . . . . . . Secondary Targets . | . . . . . . . Shots Hit Robots 77 | . 11 . . . 54 12 Core Hits 79 | . 6 . . . 59 14 Critical Kills . | . . . . . . . Critical Parts Destroyed . | . . . . . . . Critical Strikes 1 | . 1 . . . . . Burn 1 | . 1 . . . . . Melee Attacks . | . . . . . . . Impact . | . . . . . . . Slashing . | . . . . . . . Piercing . | . . . . . . . Sneak Attacks . | . . . . . . . Combat Hostiles . | . . . . . . . Follow-up Attacks . | . . . . . . . Damage Inflicted 2899 | . 142 1 . . 2082 674 Guns 863 | . 142 . . . 533 188 Cannons 295 | . . . . . 230 65 Explosions 1740 | . . . . . 1319 421 Melee . | . . . . . . . Ramming 1 | . . 1 . . . . Kinetic 463 | . 52 . . . 411 . Thermal 2171 | . 90 . . . 1407 674 Explosive 264 | . . . . . 264 . Electromagnetic . | . . . . . . . Impact . | . . . . . . . Slashing . | . . . . . . . Piercing . | . . . . . . . Highest Corruption . | . . . . . . . Average Corruption . | . . . . . . . Corruption Purged . | . . . . . . . Corruption Blocked . | . . . . . . . Overload Shots . | . . . . . . . Overflow Damage . | . . . . . . . Projectiles . | . . . . . . . Explosions . | . . . . . . . Melee . | . . . . . . . Knockbacks . | . . . . . . . Impact . | . . . . . . . Kinetic . | . . . . . . . Secondary . | . . . . . . . Self-Inflicted Damage 83 | . . . . . 65 18 Shots 9 | . . . . . 7 2 Rammed 3 | . . 1 . . 2 . Targets Rammed 4 | . . 2 . . 2 . Kicked . | . . . . . . . Crushed 1 | . . 1 . . . . Highest Temperature 370 | . 58 . . . 370 227 Average Temperature 136 | . 25 . . . 153 116 Received Heat Transfer 483 | . 24 . . . 450 9 Effects 5 | . . . . . 5 . Energy Bleed 1 | . . . . . 1 . Interference 3 | . . . . . 3 . Short Circuit 1 | . . . . . 1 . Siege Activations . | . . . . . . . Robots Corrupted . | . . . . . . . Combat Hostiles . | . . . . . . . Parts Fried . | . . . . . . . Impact Corruptions . | . . . . . . . Robots Melted 4 | . . . . . 2 2 Combat Hostiles 3 | . . . . . 1 2 Parts Melted 25 | . . . . . 17 8 Heat Transferred 10525 | . 333 . . . 7336 2856 Parts Sabotaged . | . . . . . . . Parts Stolen . | . . . . . . . Parts Stripped . | . . . . . . . Power Chain Reactions . | . . . . . . . Alert | -11 -10 -10 -10 -9 -8 -7 ------- Run | Yrd Mat Min Exi Min Mat Fac Peak Influence 408 | . 56 26 . . 408 349 Initial 185 | . . 21 . . . 185 Average 136 | . 25 25 . . 143 243 Maximum Alert Level 2 | . . . . . 2 1 Low Security (%) 67 | 100 100 100 . 100 65 38 Level 1 28 | . . . . . 27 61 Level 2 3 | . . . . . 6 . Level 3 . | . . . . . . . Level 4 . | . . . . . . . Level 5 . | . . . . . . . High Security . | . . . . . . . Max Security . | . . . . . . . Squads Dispatched 6 | . 2 . . . 3 1 Investigation 1 | . . . . . 1 . Extermination 1 | . . . . . . 1 Reinforcement 4 | . 2 . . . 2 . Assault . | . . . . . . . Garrison . | . . . . . . . Intercept . | . . . . . . . Searches Triggered . | . . . . . . . Construction Impeded 2 | . . . . . 2 . Haulers Reinforced . | . . . . . . . Active Scanning Responses . | . . . . . . . Cargo Convoy Interrupts . | . . . . . . . Stealth | -11 -10 -10 -10 -9 -8 -7 --------- Run | Yrd Mat Min Exi Min Mat Fac Distress Signals 4 | . . . . . 4 . Communications Jammed . | . . . . . . . Distress Signals . | . . . . . . . Times Spotted 40 | . 4 . . . 26 10 Peak Tracking Total 4 | . 2 . . . 4 4 Tactical Retreats 1 | . . . . . . 1 Traps | -11 -10 -10 -10 -9 -8 -7 ------- Run | Yrd Mat Min Exi Min Mat Fac Traps Triggered . | . . . . . . . Indirectly . | . . . . . . . Trap Hack Attempts . | . . . . . . . Triggered . | . . . . . . . Disarmed . | . . . . . . . Reprogrammed . | . . . . . . . Reused . | . . . . . . . Traps Extracted . | . . . . . . . Installed . | . . . . . . . Triggered . | . . . . . . . Machines | -11 -10 -10 -10 -9 -8 -7 ---------- Run | Yrd Mat Min Exi Min Mat Fac Machines Disabled 6 | . . . . . 5 1 Max in Single Turn 1 | . . . . . 1 1 Machines Repaired . | . . . . . . . Machines Dismantled . | . . . . . . . Machines Sabotaged . | . . . . . . . Overloaded Fab Kills . | . . . . . . . Hacking | -11 -10 -10 -10 -9 -8 -7 --------- Run | Yrd Mat Min Exi Min Mat Fac Machines Accessed 6 | . 1 . 1 . 3 1 Terminals 4 | . 1 . . . 2 1 Fabricators . | . . . . . . . Repair Stations 1 | . . . . . 1 . Recycling Units . | . . . . . . . Scanalyzers . | . . . . . . . Garrison Access . | . . . . . . . Total Hacks 9 | . 2 . 1 . 5 1 Successful 4 | . . . 1 . 3 . Failed 5 | . 2 . . . 2 1 Catastrophic 3 | . 1 . . . 1 1 Database Lockouts . | . . . . . . . Manual 8 | . 2 . 1 . 4 1 Terminals 7 | . 2 . . . 4 1 Fabricators . | . . . . . . . Repair Stations 1 | . . . . . 1 . Recycling Units . | . . . . . . . Scanalyzers . | . . . . . . . Garrison Access . | . . . . . . . Terminal Hacks 3 | . . . 1 . 2 . Transport Status 1 | . . . . . 1 . Registered Components 1 | . . . . . 1 . Derelict Proto ID Bank 1 | . . . 1 . . . Fabricator Hacks . | . . . . . . . Repair Station Hacks . | . . . . . . . Recycling Unit Hacks . | . . . . . . . Scanalyzer . | . . . . . . . Garrison Access Hacks . | . . . . . . . Unauthorized Hacks 1 | . . . . . 1 . Terminals . | . . . . . . . Fabricators . | . . . . . . . Repair Stations 1 | . . . . . 1 . Patch 1 | . . . . . 1 . Recycling Units . | . . . . . . . Scanalyzers . | . . . . . . . Garrison Access . | . . . . . . . Data Cores Recovered . | . . . . . . . Used . | . . . . . . . Hacking Detections 4 | . 1 . . . 2 1 Full Trace Events . | . . . . . . . Feedback Events . | . . . . . . . Feedback Blocked . | . . . . . . . Robot Schematics Acquired . | . . . . . . . Robots Built . | . . . . . . . Authchips . | . . . . . . . Time . | . . . . . . . Total Robot Build Rating . | . . . . . . . Part Schematics Acquired . | . . . . . . . Parts Built . | . . . . . . . Authchips . | . . . . . . . Time . | . . . . . . . Total Part Build Rating . | . . . . . . . Parts Repaired . | . . . . . . . Time . | . . . . . . . Parts Recycled . | . . . . . . . Recycled Matter . | . . . . . . . Retrieved Matter . | . . . . . . . Retrieved Components . | . . . . . . . Parts Scanalyzed . | . . . . . . . Part Schematics Acquired . | . . . . . . . Parts Damaged . | . . . . . . . Bothacking | -11 -10 -10 -10 -9 -8 -7 ------------ Run | Yrd Mat Min Exi Min Mat Fac Used RIF Installer . | . . . . . . . Robots Hacked . | . . . . . . . Non-combat . | . . . . . . . Combat . | . . . . . . . Robot Hacks Applied . | . . . . . . . Relay Couplers Released . | . . . . . . . Fabnet Peak Effective % . | . . . . . . . Robots Rewired . | . . . . . . . Allies Hacked . | . . . . . . . Hacks Repelled . | . . . . . . . Allies | -11 -10 -10 -10 -9 -8 -7 -------- Run | Yrd Mat Min Exi Min Mat Fac Total Allies . | . . . . . . . Largest Group . | . . . . . . . Highest-Rated Group . | . . . . . . . Highest-Rated Ally . | . . . . . . . Total Orders . | . . . . . . . Ally Attacks . | . . . . . . . Total Damage . | . . . . . . . Kills . | . . . . . . . Allies Corrupted . | . . . . . . . Allies Melted . | . . . . . . . Intel | -11 -10 -10 -10 -9 -8 -7 ------- Run | Yrd Mat Min Exi Min Mat Fac Robot Analysis Total . | . . . . . . . Derelict Logs Recovered . | . . . . . . . Drone Launches . | . . . . . . . Drone Recoveries . | . . . . . . . Exploration | -11 -10 -10 -10 -9 -8 -7 ------------- Run | Yrd Mat Min Exi Min Mat Fac Turns Passed 2561 | 67 113 192 399 120 1192 478 Spaces Moved 1158 | 44 51 119 248 75 429 192 Core 11 | 11 . . . . . . Treads 1147 | 33 51 119 248 75 429 192 Legs . | . . . . . . . Wheels . | . . . . . . . Hover . | . . . . . . . Flight . | . . . . . . . Fastest Speed 50 | 50 160 160 160 160 160 160 Average Speed 196 | 137 160 160 160 160 228 228 Slowest Speed 320 | 160 160 160 160 160 320 240 Overloaded Moves . | . . . . . . . Propulsion Burnouts . | . . . . . . . Robots Hopped . | . . . . . . . Cave-ins Triggered . | . . . . . . . Exploration Rate (%) 28 | 4 15 41 62 28 41 7 Regions Visited 6 Branch Regions 3 Pre-discovered Areas . | . . . . . . . Known Exits Taken . | . . . . . . . Unknown Exits Taken 6 | 1 1 1 1 1 1 . Scrap Searched . | . . . . . . . Spaces Dug 13 | . . . . . 13 . Terrain Destroyed 116 | . . . . . 113 3 Melee . | . . . . . . . Projectile 9 | . . . . . 6 3 AOE 107 | . . . . . 107 . Terrain Rammed . | . . . . . . . Walls Destroyed . | . . . . . . . Machines Disabled . | . . . . . . . Actions | -11 -10 -10 -10 -9 -8 -7 --------- Run | Yrd Mat Min Exi Min Mat Fac Total 1334 | 48 62 120 251 75 566 212 Wait 38 | . 1 . . . 34 3 Move 1152 | 43 50 118 247 74 428 192 Hop . | . . . . . . . Pick Up 4 | . . . 1 1 . 2 Fast Attach 21 | 5 . . 1 . 14 1 Attach 6 | . . . . . 6 . Detach 5 | . . . . . 5 . Swap 3 | . . . . . 2 1 Drop 7 | . . . 2 . 4 1 Fire 94 | . 11 . . . 71 12 Melee . | . . . . . . . Ram . | . . . . . . . Kick . | . . . . . . . Crush 4 | . . 2 . . 2 . Escape Stasis . | . . . . . . . Rewire . | . . . . . . . Trap . | . . . . . . . Miscellaneous . | . . . . . . . Route ------- -11/Scrapyard -10/Materials -10/Mines -10/Exiles -9/Mines -8/Materials -7/Factory History --------- Turn | Location | Event 2 | -11/Scrapyard | Met Revision 17 9 | -11/Scrapyard | Discovered new exit (range 15) 68 | -11/Scrapyard | Entered Materials 148 | -10/Materials | Discovered new exit (range 16) 181 | -10/Materials | Entered Mines 316 | -10/Mines | Build established: Mutant 365 | -10/Mines | Deemed a non-threat by the Exiles lab entrance 367 | -10/Mines | Discovered new exit (range 5) 373 | -10/Mines | Entered Exiles 413 | -10/Exiles | Met 8R-AWN 441 | -10/Exiles | Met EX-HEX 487 | -10/Exiles | Met EX-BIN 506 | -10/Exiles | Aligned with FarCom system 508 | -10/Exiles | Given EX-Vault access code 546 | -10/Exiles | Opened EX-Vault 560 | -10/Exiles | Found Firepult 599 | -10/Exiles | Warned to stay clear of 0b10 Research branches 694 | -10/Exiles | Met EX-DEC 751 | -10/Exiles | Discovered new exit (range 14) 772 | -10/Exiles | Left Exiles lab with Firepult 772 | -10/Exiles | Entered Mines 840 | -9/Mines | Received a Rocket Launcher from a helpful Derelict 877 | -9/Mines | Discovered new exit (range 9) 892 | -9/Mines | Entered Materials 892 | -8/Materials | Evolved 4 slots: Power x1, Utility x2, Weapon x1 1195 | -8/Materials | Build established: Tank 1366 | -8/Materials | Lost 3 parts (1p1n1u) 1652 | -8/Materials | Build established: Skirmisher 1801 | -8/Materials | Core integrity fell below 50% 2048 | -8/Materials | Discovered new exit (range 16) 2084 | -8/Materials | Entered Factory 2084 | -7/Factory | Evolved 2 slots: Utility x2 2233 | -7/Factory | Build established: Scavenger-Skirmisher 2562 | -7/Factory | Self-destructed Last Messages --------------- P-60 Hacker heat damages core (-10). Destroyed Broken Shock Rifle. P-60 Hacker heat short circuits Gravmag System. P-60 Hacker heat damages Mic. Nuclear Core. K-01 Serf collects debris. Connecting with Terminal... Current location identified: Factory C-30 ARC bursts open, deploying its payload. H-55 Commando unfolds itself. Megafabricator disabled. Lgt. Nuclear Core destroyed. H-55 Commando critical meltdown. Carbon-fiber Leg melted. Lgt. Nuclear Core melted. Assault Rifle melted. Carbon-fiber Leg melted. Acquired Prototype Engine. Identified Hvy. Deuterium Engine. Firepult broken. Faulty integration triggers power surge. Map ----- +----------------------------------------------------+ | ????????????????????????????# ??????????# #??? | | ????????????????????????????# ??????????# #??? | | ??????????????????????? #### ########### #??? | | ?????????????????????? #??? | | ?????????????????????? #??? | | ??????????????????????? +??? | | ???????????????????????????""""" #??? | | ?????????????????????????""""""" ! #??? | | ???????????????????# """"""""" #??? | | ???????????????????# """""""" #### | | ???????????????????# """""""" """ | | ???????????????????# """"""" T" | | ???????????????????# """ | | ???????????????????# | | ???????????????????# %% = | | ???????????????????########### #####+#######+### | | ????????????????????????# #?????????# | | ????????????????????????# #?????????# | | ????????????????????????# #?????????# | | ????????????????????????# #?????????# | | ????????????????????????# #?????????# | | ????????????????????????# #?????????# | | ????????????????????????# #?????????# | | ????????????????????????# #?????????# | | ????????????????????????# #?????????# | | ????????????????????????#@ ! #?????????# | | ????????????????????????# #?????????# | | ????????????????????????# #?????????# | | ????????????????????????##############?????????# | | ???????????????????????????????????????????????### | | ?????????????????????????????????????????????????? | | ?????????????????????????????????????????????????? | | ?????????????????????????????????????????????????? | | ?????????????????????????????????????????????????? | | ?????????????????????????????????????????????????? | | ?????????????????????????????????????????????????? | | ?????????????????????????????????????????????????? | | ?????????????????????????????????????????????????? | | ?????????????????????????????????????????????????? | | ?????????????????????????????????????????????????? | | ????????????????o????????????????????????????????? | | ?????????????????????????????????????????????????? | | ?????????????????????????????????????????????????? | | ?????????????????????????????????????????????????? | | ?????????????????????????????????????????????????? | | ?????????????????????????????????????????????????? | | ?????????????????????????????????????????????????? | | ?????????????????????????????????????????????????? | | ?????????????????????????????????????????????????? | | ?????????????????????????????????????????????????? | +----------------------------------------------------+ Best States ------------- Heat Dissipation 62 Energy Generation 23 Energy Capacity 335 Matter Stores 300 Matter Capacity 300 Sight Range 16 Terrain Scan Density 10 Armor Coverage 300 Evasion (%) 40 Recoil Reduction 2 Particle Charging 15 Item Schematics ----------------- None Robot Schematics ------------------ None Fabricated ------------ Nothing Alien Tech Used ----------------- None Achievements -------------- None Challenges ------------ None Game ------ Seed SurgeStormNetwork Manual? 0 Play Time 00:13:47 Cumulative 71.5 hours Start 2024.08.10 @ 11:48:55 End 2024.08.10 @ 14:36:04 Sessions 3 Manual Loads 0 Difficulty Rogue Special Mode None Game No. 173 Rogue 98 Adventurer 75 Explorer 0 Win Type - Total 0 Types 0/0/0/0/0/0/0/0/0 Lore% 40 Gallery% 42 Achievement% 35 Wizard Run 0 Options --------- Layout 0 ASCII 0 Keyboard 0 Movement Mouse Keybinds 0 Fullscreen 1 Font 24/Smallcaps Map View 76x50 Zoom Use 0% Tactical HUD 0 Map Filters NONE Filters NONE Steam 1 RUN: de7c3734-8e93-4a23-901e-d7289e8e5e34